 Dungeon Crawl Stone Soup version 0.26.0-45-g9c1d065592 (webtiles) character file.

Game seed: 10673655273671299437

51 Gnirx the Digger (level 3, 0/19 HPs)
             Began as a Gargoyle Earth Elementalist on Jan 29, 2021.
             Killed from afar by Sigmund (8 damage)
             ... with a magic dart
             ... on level 2 of the Dungeon.
             The game lasted 00:03:09 (2082 turns).

Gnirx the Digger (Gargoyle Earth Elementalist)      Turns: 2082, Time: 00:03:09

Health: 0/19       AC:  8    Str: 11    XL:     3   Next: 81%
Magic:  7/7        EV: 12    Int: 16    God:
Gold:   52         SH:  0    Dex: 10    Spells: 6/7 levels left

rFire    . . .     SeeInvis .   d - +0 dagger (elec)
rCold    . . .     Faith    .   (no shield)
rNeg     + . .     Spirit   .   c - +0 robe
rPois    ∞         Reflect  .   f - +2 helmet
rElec    +         Harm     .   (no cloak)
rCorr    .         Rampage  .   (no gloves)
Will     .....                  (no boots)
Stlth    ++........             (no amulet)
HPRegen  0.06/turn              (no ring)
MPRegen  0.10/turn              (no ring)

@: no status effects
A: negative energy resistance 1, electricity resistance, unbreathing,
petrification resistance, miasma immunity, AC +3
a: no special abilities


You were on level 2 of the Dungeon.
You visited 1 branch of the dungeon, and saw 2 of its levels.

You collected 52 gold pieces.

Inventory:

Hand Weapons
 a - a +0 dagger
 d - a +0 dagger of electrocution (weapon)
Missiles
 b - 33 stones
Armour
 c - a +0 robe (worn)
 f - a +2 helmet (worn)
Scrolls
 h - a scroll of magic mapping
 j - a scroll of enchant armour
Potions
 e - a potion of resistance
 g - a potion of degeneration
 i - a potion of curing {unknown}


   Skills:
 - Level 1.5 Dodging
 - Level 2.1 Stealth
 + Level 2.7 Spellcasting
 - Level 0.7 Transmutations
 + Level 4.9 Earth Magic


You had 6 spell levels left.
You knew the following spells:

 Your Spells              Type           Power        Failure   Level
a - Sandblast             Erth           36%          2%          1

Your spell library contained the following spells:

 Spells                   Type           Power        Failure   Level
 Passwall                 Tmut/Erth      9%           9%          2
 Stone Arrow              Conj/Erth      20%          21%         3
 Petrify                  Tmut/Erth      11%          52%         4
 Lee's Rapid Deconstruct  Erth           9%           56%         5


Dungeon Overview and Level Annotations

Branches:
Dungeon (2/15)

Altars:
Elyvilon

Annotations:
D:2 Sigmund


Innate Abilities, Weirdness & Mutations

You are resistant to torment.
Your stone body is resilient. (AC +3)
You are immune to poison.
You resist negative energy. (rN+)
You are resistant to electric shocks. (rElec)
You can survive without breathing.
You are immune to petrification.
You are immune to miasma.


Message History

You open the door.
There is an open door here.
You open the door.
There is an open door here.
As you open the door, it creaks loudly!
Sigmund the Dreaded comes into view.
He is wielding a +0 scythe.
Sigmund shouts!
Sigmund gestures at you while chanting. You resist with significant effort.
Sigmund gestures at you while chanting. The magic dart hits you.
Sigmund gestures at you while chanting. The magic dart hits you!
There is an open door here.
Sigmund casts a spell at himself.
Sigmund flickers and vanishes!
Deactivating autopickup; reactivate with Ctrl-A.
A magic dart appears from out of thin air!
The magic dart hits you!
You die...

#.##.....#......
#.##.....#......
##########.##.....#......
#>..........'.....)......
#.######.#.##.....#......
#......#.#.##...###......
#..###.#.#.##.#.###......
#..#.#.#.#.##.#.##.......
#.......@.....{..+.......
##.#<#.#.#.##.#.##.......
#.#.#.#.#.##.#.##.......
#.#.#.#.#....#.##.......
#.#.#.#.######'##.......
###'#.#.#.#.....{.########
#.....#.#.#.......#
#.....#.#.#.......#
#.....#.#.#.......#


There were no monsters in sight!

Vanquished Creatures
  2 adders (D:2)
  3 worms (D:2)
  A ball python (D:1)
  2 bats (D:2)
  2 giant cockroaches (D:1)
  2 hobgoblins (D:2)
  4 jackals (D:2)
  3 kobolds
  2 frilled lizards (D:2)
  2 goblins (D:2)
  2 rats
25 creatures vanquished.

Notes
Turn   | Place    | Note
-------+----------+-------------------------------------------
     0 | D:1      | Gnirx the Gargoyle Earth Elementalist began the quest for
                  | the Orb.
     0 | D:1      | Reached XP level 1. HP: 10/10 MP: 3/3
   792 | D:1      | Reached skill level 4 in Earth Magic
  1229 | D:2      | Reached XP level 2. HP: 15/15 MP: 3/5
  1458 | D:2      | Found a white marble altar of Elyvilon.
  1472 | D:2      | Reached XP level 3. HP: 12/19 MP: 4/6
  2065 | D:2      | Noticed Sigmund
  2082 | D:2      | Killed from afar by Sigmund

Illustrated notes

Levels and vault maps discovered:
D:1:      sevenhm_arrival_forest_fort_small_4, layout_basic
D:2:      layout_basic, elyvilon_altar_4, uniq_sigmund

Skill      XL: |  1 |
---------------+----+-----
Earth Magic    | 4 |  4.9
Dodging        | |  1.5
Stealth        | |  2.1
Spellcasting   | |  2.7
Transmutations | |  0.7

Action                   || total
-------------------------++-------
Melee: Unarmed           ||    14
       Dagger            ||     9
 Cast: Sandblast         ||    35
  Use: Scroll            ||     5
Armor: Robe              ||    16
Dodge: Dodged            ||    47
